 Dungeon Crawl Stone Soup version 0.31.0-11-ge490571c62 (webtiles) character file.

Game seed: 12399701867093178468

1148 Daunt the Sneak (level 8, -2/58 HPs)
             Began as a Human Delver on Jan 28, 2024.
             Was an Initiate of Ashenzari.
             Slain by a vampire mosquito (9 damage)
             ... on level 6 of the Dungeon.
             The game lasted 00:25:43 (6141 turns).

Daunt the Sneak (Human Delver)                      Turns: 6141, Time: 00:25:44

Health: -2/58      AC:  4    Str: 12    XL:     8   Next: 38%
Magic:  5/13       EV: 12    Int: 10    God:    Ashenzari [......]
Gold:   98         SH:  0    Dex: 18    Spells: 11/13 levels left

rFire   . . .        b - +0 orcbow
rCold   . . .        (shield currently unavailable)
rNeg    . . .        E - +0 leather armour of Desmomancy {Sorc, Comp} (curse)
rPois   .            (no helmet)
rElec   .            (no cloak)
rCorr   .            (no gloves)
SInv    .            B - +0 pair of boots
Will    .....        (no amulet)
Stlth   +++          (no ring)
HPRegen 0.29/turn    (no ring)
MPRegen 0.13/turn

%: no passive effects
@: no status effects
A: explore regen
a: Renounce Religion, Curse Item, Shatter the Chains


You were on level 6 of the Dungeon.
You worshipped Ashenzari.
Ashenzari was noncommittal.
You visited 2 branches of the dungeon, and saw 7 of its levels.

You collected 286 gold pieces.
You spent 188 gold pieces at shops.

Inventory:

Hand Weapons
 a - a +4 falchion
 b - a +0 orcbow (weapon)
 n - a +0 falchion
 K - a +1 short sword of freezing
 M - a +0 great sword
Missiles
 d - 51 stones
 C - 4 poisoned darts
 F - 4 boomerangs
 H - 2 throwing nets
 J - 6 atropa-tipped darts
Armour
 r - a +0 scale mail
 B - a +0 pair of boots (worn)
 E - the cursed +0 leather armour of Desmomancy (worn) {Sorc, Comp}

   It has a curse which improves the following skills: Sorcery: Conjurations and
   Alchemy.
   Companions: Summonings and Necromancy.
 G - a +0 robe
Talismans
 k - a granite talisman
Wands
 g - a wand of digging (8)
 i - a wand of polymorph (2)
 q - a wand of paralysis (9)
 x - a wand of flame (12)
 D - a wand of iceblast (9)
Scrolls
 c - 2 scrolls of fog
 e - 3 scrolls of fear
 j - 5 scrolls of identify {unknown}
 l - 4 scrolls of teleportation
 m - a scroll of revelation
 u - a scroll of poison {unknown}
 v - a scroll of enchant weapon {unknown}
 w - a scroll of torment {unknown}
 y - 6 scrolls of vulnerability
 A - a scroll of noise {unknown}
 I - a scroll of amnesia {unknown}
 N - a scroll of blinking
Potions
 f - 3 potions of haste
 h - a potion of brilliance {unknown}
 o - 2 potions of degeneration {unknown}
 p - 3 potions of curing {unknown}
 s - 2 potions of magic {unknown}
 t - a potion of lignification {unknown}
 z - a potion of berserk rage {unknown}
 L - a potion of attraction {unknown}


   Skills:
 - Level 3.3 Fighting
 - Level 3.1(3.5) Short Blades
 - Level 2.4(3.2) Long Blades
 - Level 2.4 Dodging
 - Level 5.2 Stealth
 + Level 3.3 Spellcasting
 + Level 5.1(5.5) Conjurations
 + Level 5.1 Air Magic


You had 11 spell levels left.
You knew the following spells:

 Your Spells              Type           Power      Damage    Failure   Level
d - Static Discharge      Conj/Air       24%        3-4/arc   6%          2

Your spell library contained the following spells:

 Spells                   Type           Power      Damage    Failure   Level
 Airstrike                Air            6%         2d(1-17)  38%         4
 Ensorcelled Hibernation  Hex/Ice        2%         N/A       45%         2
 Scorch                   Fire           2%         2d5       45%         2
 Fugue of the Fallen      Necr           1%         N/A       71%         3
 Volatile Blastmotes      Fire/Tloc      2%         2d10      71%         3
 Flame Wave               Conj/Fire      7%         2d5       73%         4
 Fulminant Prism          Conj/Alch      3%         3d5       73%         4
 Iskenderun's Mystic Bla  Conj/Tloc      7%         2d4       73%         4
 Summon Lightning Spire   Summ/Air       6%         N/A       75%         4
 Anguish                  Hex/Necr       0%         N/A       98%         4
 Conjure Ball Lightning   Conj/Air       6%         3x3d6     99%         6
 Summon Cactus Giant      Summ           0%         N/A       100%        6
 Discord                  Hex            0%         N/A       100%        8
 Disjunction              Tloc           0%         N/A       100%        8


Dungeon Overview and Level Annotations

Branches:
Dungeon (6/15)             Temple (1/1) D:5

Altars:
Ashenzari
Cheibriados
Dithmenos
Elyvilon
Fedhas
Gozag
Kikubaaqudgha
Makhleb
Nemelex Xobeh
Okawaru
Qazlal
Ru
Sif Muna
Trog
Uskayaw
Vehumet
Wu Jian
Yredelemnul
Zin
The Shining One

Shops:
D:2 =   D:3 :   D:5 (   D:6 ?

Annotations:
D:4 exclusion: 2 phantoms
D:5 exclusion: vampire
D:6 exclusion: hornet


Innate Abilities, Weirdness & Mutations

You regain HP and MP as you explore.


Message History

The arrow hits the adder.
The adder is heavily wounded.
The vampire mosquito bites you!
* * * LOW HITPOINT WARNING * * *
The vampire mosquito draws strength from your injuries!
The vampire mosquito barely misses you.
The vampire mosquito bites you but does no damage.
Unknown command.
Unknown command.
The vampire mosquito barely misses you.
Unknown command.
Unknown command.
Casting: Static Discharge (safe; 6% risk of failure)
Confirm with . or Enter, or press ? or * to list all spells.
The vampire mosquito is struck by an arc of lightning.
The vampire mosquito is lightly damaged.
The adder is struck by an arc of lightning.
You kill the adder!
The vampire mosquito is struck by an arc of lightning.
The vampire mosquito is moderately damaged.
You are struck by an arc of lightning.
* * * LOW HITPOINT WARNING * * *
The lightning grounds out.
The vampire mosquito bites you.
* * * LOW HITPOINT WARNING * * *
The vampire mosquito draws strength from your injuries!
The vampire mosquito closely misses you.
Unknown command.
Casting: Static Discharge (safe; 6% risk of failure)
Confirm with . or Enter, or press ? or * to list all spells.
The vampire mosquito is struck by an arc of lightning.
The vampire mosquito is moderately damaged.
You are struck by an arc of lightning.
* * * LOW HITPOINT WARNING * * *
The vampire mosquito is struck by an arc of lightning.
The vampire mosquito is heavily damaged.
The lightning grounds out.
The vampire mosquito bites you.
* * * LOW HITPOINT WARNING * * *
The vampire mosquito draws strength from your injuries!
The vampire mosquito bites you!
You die...

....### #########.### #...
......# #...## ####
....#.# ##.#.# ....#.#
#...# #.###.## ##..# #
.......## ##..# #
........# #..## #
#.#.....##########.###.###
#
#.#...........>.@y†.......
#
#.##..############...#####
# #.##..### #.### #
#.##....# #.# # ....∩...#
#.# # #....##.# #.# .
###..##.# #.# # #...#.#
#.# ####..[.#


You could see a vampire mosquito.

Vanquished Creatures
  A black bear (D:6)
  An ogre (D:5)
  A centaur (D:5)
  A phantom (D:6)
  2 scorpions (D:6)
  4 wights (D:6)
  2 jellies (D:5)
  A bombardier beetle (D:6)
  A sleepcap (D:6)
  An orc priest (D:3)
  A gnoll bouda (D:5)
  4 iguanas
  4 gnolls (D:5)
  7 adders
  2 ribbon worms
  3 dart slugs (D:1)
  15 orcs
  7 endoplasms
  5 giant cockroaches
  9 goblins
  5 hobgoblins
  5 jackals (D:1)
  4 quokkas
  4 ball pythons
  9 bats
  3 frilled lizards
  8 kobolds
  4 rats
114 creatures vanquished.

Notes
Turn   | Place    | Note
-------+----------+-------------------------------------------
     0 | D:5      | Daunt the Human Delver began the quest for the Orb.
     0 | D:5      | Reached XP level 1. HP: 18/18 MP: 1/1
    39 | D:5      | Found a staircase to the Ecumenical Temple.
    48 | Temple   | Entered the Ecumenical Temple
    61 | Temple   | Became a worshipper of Ashenzari the Shackled
    94 | D:5      | Found a sacrificial altar of Ru.
   231 | D:5      | Noticed a jelly
   236 | D:5      | Found Keelylia's Weapon Emporium.
   408 | D:3      | Reached XP level 2. HP: 22/24 MP: 2/2
   440 | D:3      | Found Xoiwin's Book Boutique.
   847 | D:1      | Reached XP level 3. HP: 29/29 MP: 3/3
   862 | D:1      | Found a faded altar of an unknown god.
  1359 | D:1      | Reached skill level 1 in Short Blades
  1749 | D:2      | Reached XP level 4. HP: 33/35 MP: 4/4
  2153 | D:2      | Found Seac's Jewellery Boutique.
  2580 | D:3      | Found a sparkling altar of Nemelex Xobeh.
  2585 | D:3      | Found an ornate altar of the Wu Jian Council.
  2600 | D:3      | Reached XP level 5. HP: 41/41 MP: 5/5
  2615 | D:3      | Found an opulent altar of Gozag.
  2615 | D:3      | Found a snail-covered altar of Cheibriados.
  2616 | D:3      | Found a glowing silver altar of Zin.
  2743 | D:3      | Reached skill level 1 in Air Magic
  2941 | D:3      | Reached skill level 1 in Conjurations
  3013 | D:4      | Noticed a phantom
  3467 | D:4      | Noticed a phantom
  3599 | D:5      | Reached skill level 1 in Spellcasting
  3734 | D:5      | Reached XP level 6. HP: 43/47 MP: 7/7
  4268 | D:5      | Noticed a vampire
  4302 | D:5      | Reached XP level 7. HP: 52/52 MP: 7/10
  4305 | D:5      | Learned a level 2 spell: Static Discharge
  4737 | D:5      | Found a burning altar of Makhleb.
  5609 | D:6      | Reached XP level 8. HP: 25/58 MP: 2/12
  5876 | D:6      | Reached skill level 5 in Conjurations
  5876 | D:6      | Reached skill level 5 in Air Magic
  5989 | D:6      | Found Poadojeha's Magic Scroll Boutique.
  5995 | D:6      | Bought a scroll of teleportation for 39 gold pieces
  5995 | D:6      | Bought a scroll of blinking for 97 gold pieces
  5995 | D:6      | Bought a scroll of vulnerability for 52 gold pieces
  6049 | D:6      | Noticed a hornet
  6141 | D:6      | Slain by a vampire mosquito

Illustrated notes

Levels and vault maps discovered:
D:1:      matt_arrival_refuge, layout_basic, ebering_ecumenical_altar_box
D:2:      layout_loops_cross, serial_shops, nicolae_shop_peninsula,
          minmay_quadrilaterals
D:3:      layout_loops_cross, grunt_temple_overflow_open, serial_shops,
          nicolae_shop_statue_plus, minivault_23
D:4:      layout_cave_pods
D:5:      nicolae_cairo_tiling, layout_layer_cave, old_standard_altar,
          lemuel_doored_altar, minmay_temple_entry_mini_moons, enter_ossuary_5,
          serial_shops, shop
D:6:      layout_loops_ring, serial_shops, nicolae_square_shop,
          minmay_manual_monstrance
Temple:   nicolae_temple_ecumenical_triangle

Skill      XL: |  1  2  3  4  5  6  7  8 |
---------------+-------------------------+-----
Short Blades   | 1 3 |  3.1
Air Magic      | 1 3 4 5 |  5.1
Conjurations   | 2 4 5 |  5.1
Spellcasting   | 1 2 3 |  3.3
Fighting       | |  3.3
Long Blades    | |  2.4
Dodging        | |  2.4
Stealth        | |  5.2

Action                     |  1- 3 |  4- 6 |  7- 9 || total
---------------------------+-------+-------+-------++-------
  Melee: Falchion          |    74 |       |     7 ||    81
         Short sword       |    60 |   164 |    40 ||   264
         Punch             |       |     3 |       ||     3
   Fire: Orcbow            |       |     6 |    46 ||    52
  Throw: Stone             |       |     1 |       ||     1
   Cast: Static Discharge  |       |       |    29 ||    29
 Invoke: Curse Item        |       |     1 |       ||     1
    Use: Scroll            |     1 |       |       ||     1
   Stab: Sleeping          |     8 |     8 |       ||    16
         Distracted        |       |     1 |       ||     1
 Armour: Leather armour    |    62 |    37 |    93 ||   192
         Scale mail        |     4 |    36 |       ||    40
  Dodge: Dodged            |    79 |    91 |    39 ||   209
